Map: Dusk Towers

Players

capac

  • Race: Terran Terran
  • League: Gold

TheBill - Winner!

  • Race: Terran Terran
  • League: Gold

VOD

Have the link to the VOD?

Description

Time

  • Played on: March 3, 2016, 12:03 p.m.
  • Length: 18:46
Show
View Real Time Build Order
Export as new Build Order

capac Terran 

Build Orders: MMM Bio 

Get SALT Encoding   

  12  0:01  SCV  
  13  0:13  SCV  
  14  0:18  Supply Depot  
  14  0:25  SCV  
  15  0:40  SCV  
  15  0:42  Barracks  
  16  0:46  Refinery  
  16  0:52  SCV  
  17  1:04  SCV  
  18  1:16  SCV  
  19  1:28  SCV  
  19  1:30  Barracks Reactor  
  20  1:39  Command Center  
  20  1:40  SCV  
  21  1:54  Orbital Command  
  21  2:00  Refinery  
  21  2:07  Marine x2  
  22  2:18  Supply Depot  
  22  2:21  SCV  
  23  2:30  Factory  
  23  2:39  Marine x2  
  25  2:48  SCV  
  25  2:51  Barracks  
  26  2:57  Marine x2  
  28  3:02  Orbital Command  
  28  3:06  SCV  
  29  3:18  Starport  
  29  3:19  Factory Tech Lab  
  29  3:21  SCV  
  30  3:29  SCV  
  30  3:32  Marine x2  
  33  3:39  Siege Tank  
  36  3:43  Barracks Tech Lab  
  36  3:47  SCV  
  36  3:48  SCV  
  38  3:51  Supply Depot  
  38  3:52  Marine  
  38  3:54  Marine  
  40  3:55  Starport Reactor  
  40  4:05  SCV x2  
  40  4:09  Marine  
  42  4:10  Marine  
  42  4:12  Marine  
  42  4:14  Stimpack  
  45  4:18  SCV x2  
  45  4:23  Siege Tank  
  50  4:28  Supply Depot, Marine  
  51  4:32  Marine x2  
  51  4:36  SCV  
  54  4:46  Engineering Bay  
  54  4:50  SCV, Medivac x2  
  59  4:55  SCV  
  59  4:56  Supply Depot  
  59  4:57  Marine x2  
  62  5:18  Marine x3, SCV x2  
  62  5:20  Medivac  
  69  5:36  Marine  
  70  5:54  Missile Turret  
  70  6:06  Missile Turret  
  70  6:07  Missile Turret  
  70  6:08  Missile Turret  
  70  6:11  Refinery  
  70  6:13  Marine  
  70  6:14  Marine  
  70  6:16  Medivac  
  69  6:20  Viking  
  69  6:46  Viking  
  71  7:01  Combat Shields  
  71  7:03  Siege Tank  
  71  7:04  Terran Infantry Weapons Level 1  
  71  7:08  SCV x2  
  76  7:13  Missile Turret  
  77  7:30  SCV x2  
  78  8:03  Marine x3  
  78  8:05  Siege Tank  
  84  8:21  Marine x2  
  86  8:33  Marine  
  86  8:37  SCV  
  86  8:38  Marine  
  86  8:39  Marine, SCV  
  72  8:49  Medivac x2  
  72  8:51  Marine, SCV  
  72  8:55  Starport  
  78  8:56  Marine x2, SCV  
  78  9:00  Command Center  
  78  9:01  Refinery  
  78  9:02  Terran Infantry Armor Level 1  
  81  9:03  SCV  
  81  9:09  Marine  
  83  9:14  Marine x2  
  85  9:27  Marine  
  86  9:41  Supply Depot x2  
  86  9:42  Supply Depot  
  86  9:44  Marine x3, Siege Tank  
  92  9:52  Starport Reactor  
  92  9:55  Factory  
  92  10:01  Marine x2  
  92  10:02  Marine  
  95  10:19  Marine x2  
  95  10:20  Marine  
  98  10:38  Marine  
  48  11:47  Orbital Command  
  40  16:20  Command Center  
  34  17:38  Supply Depot  
  34  17:44  Orbital Command  
  34  17:45  Supply Depot  
  34  18:03  Supply Depot  
  34  18:07  Barracks  
  34  18:28  Supply Depot  
Show
View Real Time Build Order
Export as new Build Order

TheBill Terran - Winner!

Build Orders: Reaper Expand, MMM Bio 

Get SALT Encoding   

  12  0:01  SCV  
  13  0:13  SCV  
  14  0:17  Supply Depot  
  14  0:25  SCV  
  15  0:39  SCV  
  15  0:41  Barracks  
  16  0:44  Refinery  
  16  0:51  SCV  
  17  1:08  SCV  
  18  1:20  SCV  
  19  1:31  Reaper  
  20  1:34  Orbital Command  
  20  1:45  Command Center  
  20  1:51  Refinery  
  20  2:00  SCV  
  21  2:08  Barracks Reactor  
  21  2:09  Supply Depot  
  21  2:12  SCV  
  22  2:24  SCV  
  23  2:31  Factory  
  22  2:40  SCV  
  23  2:46  Marine x2  
  25  2:52  SCV  
  26  2:59  Orbital Command  
  26  3:03  Marine x2  
  26  3:04  SCV  
  29  3:19  Widow Mine, Starport  
  29  3:21  Marine  
  29  3:22  Marine  
  29  3:26  SCV x2  
  35  3:38  SCV x2  
  35  3:39  Marine x2  
  39  3:50  SCV x2  
  39  3:52  Factory Tech Lab  
  41  3:57  Medivac  
  41  3:59  Marine x2  
  41  4:02  SCV  
  46  4:09  Supply Depot  
  46  4:25  Command Center  
  46  4:26  Supply Depot  
  46  4:28  Supply Depot  
  46  4:30  Cyclone, Marine x2  
  46  4:31  SCV x2  
  53  4:43  SCV  
  53  4:45  Refinery  
  54  4:47  Viking, Refinery  
  54  4:51  Engineering Bay, Barracks  
  54  4:52  Barracks  
  56  4:54  Engineering Bay  
  56  4:57  Marine x2  
  58  5:03  SCV x2  
  60  5:12  Siege Tank  
  63  5:14  Marine  
  63  5:15  SCV x2  
  65  5:26  Marine  
  65  5:27  Starport Reactor  
  66  5:40  Barracks Tech Lab x2  
  66  5:41  Terran Infantry Weapons Level 1, Marine, Terran Infantry Armor Level 1  
  66  5:42  Orbital Command  
  67  5:44  Marine  
  67  5:49  SCV x2  
  70  5:52  Siege Tank  
  70  5:53  Armory  
  73  6:01  SCV x2  
  75  6:08  Supply Depot  
  75  6:09  Supply Depot  
  75  6:13  SCV x2, Orbital Command  
  75  6:16  Marine  
  75  6:17  Marine x2, Combat Shields  
  75  6:18  Stimpack  
  80  6:19  Medivac  
  77  6:25  SCV  
  77  6:28  Marine  
  77  6:29  Siege Tank  
  82  6:34  Marine  
  82  6:36  Marine  
  82  6:37  Marine  
  81  6:42  Supply Depot  
  81  6:45  SCV x2  
  83  6:48  SCV  
  83  6:52  Marine x2  
  86  6:57  SCV x2  
  86  7:00  Barracks, SCV  
  89  7:02  Barracks  
  89  7:06  Refinery  
  89  7:09  SCV  
  89  7:10  SCV  
  89  7:12  Terran Vehicle Weapons Level 1  
  89  7:15  Liberator  
  91  7:16  Barracks  
  91  7:17  Barracks  
  91  7:18  Supply Depot  
  91  7:21  Supply Depot  
  91  7:30  Marine  
  91  7:31  Marine x3, Siege Tank  
  91  7:32  Medivac  
  91  7:35  SCV  
  91  7:36  SCV x2  
  106  7:40  Refinery  
  106  7:46  Marine  
  106  7:48  Marine, SCV  
  106  7:49  Marauder  
  108  7:58  Marine x2  
  101  7:59  Marauder  
  101  8:00  SCV x2  
  101  8:04  Siege Tank  
  110  8:10  Marauder  
  110  8:12  SCV  
  110  8:36  Orbital Command  
  93  8:42  Marine x4  
  93  8:48  SCV x2  
  98  8:56  Marine x3  
  98  9:01  Supply Depot  
  101  9:03  Supply Depot  
  101  9:06  Supply Depot  
  101  9:18  Terran Infantry Weapons Level 2, Terran Infantry Armor Level 2  
  101  9:19  Terran Vehicle Weapons Level 2  
  101  9:20  Marauder, Marine x4, Barracks Reactor x2, SCV x2  
  101  9:21  Barracks Reactor  
  101  9:23  Siege Tank, SCV, Medivac x2  
  117  9:30  Supply Depot  
  117  9:31  Supply Depot x2  
  117  9:32  Supply Depot, SCV  
  117  9:34  SCV  
  117  9:35  SCV  
  117  9:38  Marauder, Marine x2  
  124  9:42  Refinery  
  124  9:43  Refinery  
  124  9:44  Supply Depot, Marine x2  
  124  9:45  Supply Depot  
  126  9:52  SCV x3  
  129  9:55  Marine x2  
  129  9:58  Supply Depot x2  
  129  9:59  Supply Depot  
  131  10:00  Supply Depot  
  131  10:01  Supply Depot  
  131  10:04  SCV x2  
  131  10:06  Marine x3  
  131  10:07  Marine x4  
  136  10:08  Marine x2  
  136  10:09  Siege Tank, Medivac  
  136  10:13  Marine x2  
  149  10:23  Supply Depot  
  149  10:24  Supply Depot  
  149  10:27  Supply Depot  
  149  10:28  Command Center  
  108  10:44  Orbital Command  
  108  10:47  Marine x2  
  108  10:48  Marine x3  
  76  11:40  SCV  
  69  11:52  SCV  
  67  12:00  Orbital Command  
  67  12:04  SCV  
  66  12:16  SCV  
  67  12:28  SCV  
  68  12:43  SCV  
  68  12:44  SCV  
  70  12:45  Barracks Tech Lab, Barracks Reactor x2  
  70  12:48  Refinery  
  70  12:49  Refinery  
  70  12:50  Factory  
  70  12:52  Factory  
  70  12:56  Supply Depot, SCV x2  
  72  13:08  SCV  
  71  13:23  Supply Depot x2  
  71  13:25  Supply Depot  
  71  13:28  Supply Depot  
  71  13:45  Marine x5  
  63  16:18  Supply Depot  
  63  16:22  Supply Depot  
  63  16:23  Supply Depot  
  63  16:25  Orbital Command  
  62  17:25  SCV  
  63  17:37  SCV  
  63  17:38  Supply Depot  
  64  17:49  SCV  
  65  18:13  SCV  
  65  18:15  Refinery  
  65  18:17  Refinery  
  65  18:18  Barracks  
  66  18:20  Barracks  
Tags
 
Composition
MMM BioMMM Bio
League
GoldGold
Matchup
TvT
Race
Terran
Add a new tag
Caveats
  • Supply blocks, unpowered buildings, or Contaminate may cause inaccurate times.
  • Supply counts are checked every 10 seconds.